 Dungeon Crawl Stone Soup version 0.29.1-1-gd02db6906a (webtiles) character file.

Game seed: 637952665704150717

1717 LabCoat the Cleaver (level 9, 0/75 HPs)
             Began as a Hill Orc Fighter on Sept 18, 2022.
             Slain by a killer bee (6 damage)
             ... on level 7 of the Dungeon.
             The game lasted 00:13:36 (6839 turns).

LabCoat the Cleaver (Hill Orc Fighter)              Turns: 6839, Time: 00:13:36

Health: 0/75       AC: 13    Str: 23    XL:     9   Next: 4%
Magic:  9/9        EV:  4    Int:  8    God:
Gold:   184        SH:  0    Dex: 10    Spells: 8/8 levels left

rFire   . . .      SeeInvis .   i - +3 war axe (flame)
rCold   . . .      Faith    .   t - +0 tower shield
rNeg    . . .      Spirit   .   q - +0 chain mail
rPois   .          Reflect  .   (no helmet)
rElec   .          Harm     .   (no cloak)
rCorr   .          Rampage  .   m - +0 pair of gloves
Will    .....                   o - +1 pair of boots
Stlth   ..........              (no amulet)
HPRegen 0.22/turn               (no ring)
MPRegen 0.11/turn               (no ring)

@: confused, brilliant, lethally poisoned (0 -> -27), ambrosia-drunk, flying,
hasted, very quick
A: no striking features
a: no special abilities


You were on level 7 of the Dungeon.
You visited 1 branch of the dungeon, and saw 7 of its levels.

You collected 296 gold pieces.
You spent 112 gold pieces at shops.

Inventory:

Hand Weapons
 i - a +3 war axe of flaming (weapon)
Missiles
 w - an atropa-tipped dart (quivered)
Armour
 m - a +0 pair of gloves (worn)
 o - a +1 pair of boots (worn)
 q - a +0 chain mail (worn)
 t - a +0 tower shield (worn)
Jewellery
 c - a ring of protection from cold
 h - an amulet of faith
Scrolls
 d - a scroll of fear
 f - a scroll of teleportation
 n - a scroll of enchant weapon
 u - a scroll of immolation {unknown}
Potions
 b - a potion of invisibility {unknown}
 e - a potion of ambrosia
 g - 2 potions of brilliance
 j - a potion of flight
 k - a potion of curing {unknown}
 l - a potion of mutation {unknown}
 p - a potion of attraction {unknown}
 r - a potion of resistance {unknown}
 s - a potion of lignification {unknown}
 v - a potion of degeneration {unknown}


   Skills:
 + Level 6.1 Fighting
 * Level 8.5 Axes
 + Level 3.7 Throwing
 + Level 5.6 Armour
 + Level 5.5 Shields
 + Level 3.9 Evocations


You had 8 spell levels left.
You didn't know any spells.
Your spell library contained the following spells:

 Spells                   Type           Power      Damage    Failure   Level
 Apportation              Tloc           0%         N/A       100%        1
 Necrotise                Necr           0%         1d4       100%        1
 Shock                    Conj/Air       0%         1d3       100%        1
 Summon Small Mammal      Summ           0%         N/A       100%        1
 Call Canine Familiar     Summ           0%         N/A       100%        3
 Portal Projectile        Hex/Tloc       0%         N/A       100%        3
 Summon Guardian Golem    Hex/Summ       0%         N/A       100%        3
 Swiftness                Air            0%         N/A       100%        3
 Tukima's Dance           Hex            0%         N/A       100%        3
 Airstrike                Air            0%         2d(0-16)  100%        4
 Leda's Liquefaction      Hex/Erth       0%         N/A       100%        4
 Summon Lightning Spire   Summ/Air       0%         N/A       100%        4
 Blade Hands              Tmut           0%         N/A       100%        5
 Lightning Bolt           Conj/Air       0%         1d11      100%        5
 Orb of Destruction       Conj           0%         9d5       100%        7
 Spellforged Servitor     Conj/Summ      0%         N/A       100%        7


Dungeon Overview and Level Annotations

Branches:
Dungeon (7/15)
 Temple: D:4-7

Altars:
Gozag
Makhleb
Qazlal
Xom

Shops:
D:1 [   D:4 [   D:5 *


Message History

The killer bee stings you but does no damage. x3
You are too injured to fight recklessly!
You are too injured to fight recklessly!
You are too injured to fight recklessly!
You miss the killer bee.
The killer bee is moderately wounded.
You miss the killer bee. You barely miss the killer bee. x2
You completely miss the killer bee.
You feel very sick.
The killer bee stings you but does no damage. x2
The killer bee stings you.
* * * LOW HITPOINT WARNING * * *
You are lethally poisoned!
The killer bee poisons you!
The killer bee stings you but does no damage. x3
The killer bee stings you.
* * * LOW HITPOINT WARNING * * *
The killer bee barely misses you.
The killer bee stings you but does no damage.
The killer bee barely misses you.
You miss the killer bee.
The killer bee is severely wounded.
You miss the killer bee. You closely miss the killer bee.
You slash the killer bee! You burn the killer bee. You miss the killer bee.
* * * LOW HITPOINT WARNING * * *
You feel very sick. The killer bee stings you.
* * * LOW HITPOINT WARNING * * *
The killer bee barely misses you. The killer bee stings you.
* * * LOW HITPOINT WARNING * * *
The killer bee stings you.
* * * LOW HITPOINT WARNING * * *
The killer bee stings you but does no damage.
The killer bee stings you.
* * * LOW HITPOINT WARNING * * *
The killer bee stings you.
* * * LOW HITPOINT WARNING * * *
You are more poisoned.
The killer bee poisons you! The killer bee stings you.
You die...

....... #..
.......##..
..........
........
##.....#
#......###
###........#
......y@y#
......yyy#
.......y.#
.........#
.........#
........##
.........
..#....(.


You could see 6 killer bees.

Vanquished Creatures
  Edmund (D:6)
  A water moccasin (D:5)
  2 ice beasts
  A sky beast (D:6)
  3 ogres
  2 phantoms
  A centaur (D:5)
  2 necrophages (D:6)
  2 scorpions
  2 howler monkeys (D:6)
  2 hounds
  A jelly (D:5)
  An orc priest (D:6)
  An orc wizard (D:3)
  2 iguanas (D:5)
  5 gnolls
  7 adders
  An ufetubus (D:5)
  A worm (D:2)
  2 dart slugs
  13 orcs
  A bat (D:3)
  6 endoplasms
  2 giant cockroaches
  8 goblins
  8 hobgoblins
  11 jackals
  6 kobolds
  4 quokkas
  8 ball pythons
  3 frilled lizards (D:2)
  4 rats
114 creatures vanquished.

Notes
Turn   | Place    | Note
-------+----------+-------------------------------------------
     0 | D:1      | LabCoat the Hill Orc Fighter began the quest for the Orb.
     0 | D:1      | Reached XP level 1. HP: 19/19 MP: 1/1
   328 | D:1      | Reached skill level 3 in Axes
   328 | D:1      | Reached XP level 2. HP: 20/27 MP: 2/2
   791 | D:1      | Reached XP level 3. HP: 33/33 MP: 3/3
   887 | D:1      | Found Xeqoitooq's Antique Armour Shop.
  1487 | D:2      | Reached skill level 1 in Evocations
  1568 | D:2      | Reached skill level 4 in Axes
  1659 | D:2      | Reached XP level 4. HP: 40/40 MP: 4/4
  1829 | D:2      | Reached skill level 1 in Throwing
  2337 | D:3      | Reached XP level 5. HP: 46/46 MP: 5/5
  2420 | D:3      | You fall into a shaft and drop 2 floors!
  2420 | D:5      | Entered Level 5 of the Dungeon
  2443 | D:5      | Noticed a water moccasin
  2452 | D:5      | Killed a water moccasin
  2453 | D:5      | Reached skill level 5 in Axes
  2453 | D:5      | Reached XP level 6. HP: 31/53 MP: 6/6
  2638 | D:5      | Found an opulent altar of Gozag.
  2653 | D:5      | Found Gozag's Platinum Reserve.
  2725 | D:4      | Reached XP level 7. HP: 28/60 MP: 7/7
  2986 | D:4      | Reached skill level 6 in Axes
  3218 | D:4      | Found a stormy altar of Qazlal.
  3377 | D:3      | Found a faded altar of an unknown god.
  3569 | D:3      | Found a burning altar of Makhleb.
  3773 | D:4      | Reached skill level 5 in Fighting
  4169 | D:4      | Found Suwneor's Antique Armour Boutique.
  4177 | D:4      | Bought a pair of boots for 112 gold pieces
  5045 | D:5      | Found a shimmering altar of Xom.
  5206 | D:5      | Reached skill level 7 in Axes
  5206 | D:5      | Reached XP level 8. HP: 55/68 MP: 8/8
  5481 | D:5      | Reached skill level 5 in Armour
  5759 | D:6      | Reached skill level 5 in Shields
  6082 | D:6      | Noticed Edmund
  6096 | D:6      | Reached skill level 8 in Axes
  6100 | D:6      | Killed Edmund
  6419 | D:6      | Reached XP level 9. HP: 62/75 MP: 9/9
  6839 | D:7      | Slain by a killer bee

Illustrated notes

Levels and vault maps discovered:
D:1:      elethiomel_arrival_infinity_welcomes_careful_drivers,
          layout_loops_ring, serial_shops, shop
D:2:      layout_loops_ring
D:3:      layout_rooms, bloody_makhleb, hellmonk_ecumenical_altar_inner_sanctum
D:4:      layout_loops_corners, mainiacjoe_overflow_paths, serial_shops, shop,
          serial_rivers, chequers_serial_rivers_large_a,
          chequers_serial_rivers_micro_b, chequers_serial_rivers_large_b,
          chequers_serial_rivers_room_a, chequers_serial_rivers_micro_e,
          chequers_serial_rivers_micro_e
D:5:      layout_loops_ring, amcnicky_altar_gilded,
          nicolae_gozag_zags_fifth_avenue
D:6:      layout_cave_pools, st_stairs_7, uniq_edmund
D:7:      layout_cave_pools, fedhas_altar_fruit_tree,
          minmay_temple_entry_slanted, lightli_corner_chamber, uniq_joseph

Skill      XL: |  1  2  3  4  5  6  7  8 |
---------------+-------------------------+-----
Axes           | 3 4 5 7 8 |  8.5
Evocations     | 1 2 3 |  3.9
Fighting       | 4 5 6 |  6.1
Throwing       | 1 2 3 |  3.7
Armour         | 4 5 |  5.6
Shields        | 4 5 |  5.5

Action                   |  1- 3 |  4- 6 |  7- 9 || total
-------------------------+-------+-------+-------++-------
Melee: War axe           |   100 |    80 |   143 ||   323
Throw: Dart              |       |       |     1 ||     1
  Use: Scroll            |     4 |     3 |     4 ||    11
       Potion            |       |     3 |     7 ||    10
Armor: Scale mail        |    51 |    42 |    36 ||   129
       Chain mail        |       |       |    69 ||    69
Dodge: Dodged            |    59 |    28 |    62 ||   149
Block: Buckler           |    29 |    19 |    42 ||    90
       Tower shield      |       |       |    14 ||    14
